 Dungeon Crawl Stone Soup version 0.31-a0-521-gc7390f8997 (webtiles) character file.

Game seed: 11070270139559014251

235398 toffzen the Executioner (level 18, -5/274 HPs)
             Began as a Minotaur Berserker on Aug 10, 2023.
             Was a High Priest of Trog.
             Killed by a resonance strike
             ... invoked by Zenata
              (12 damage)
             ... on level 1 of the Vaults.
             The game lasted 00:55:10 (33399 turns).

toffzen the Executioner (Minotaur Berserker)       Turns: 33399, Time: 00:55:10

Health: -5/274     AC: 33    Str: 25      XL:     18   Next: 90%
Magic:  5/5        EV: 16    Int:  3 (4)  God:    Trog [*****.]
Gold:   3289       SH:  5    Dex: 15      Spells: 17/17 levels left

rFire   + + .        c - +10 executioner's axe of False Accusations {antimagic, Drain rF++}
rCold   . . .        (shield currently unavailable)
rNeg    . . .        X - +2 crystal plate armour
rPois   +            q - +2 hat {Stlth+}
rElec   .            r - +0 cloak
rCorr   .            z - +0 pair of gloves
SInv    .            v - +1 pair of boots {Fly}
Will    +++..        I - amulet of reflection Stlth
                     W - ring "Huptaf" {rPois EV+5}
HPRegen 1.65/turn    x - +4 ring of slaying
MPRegen 0.09/turn

%: reflection
@: berserking, lethally poisoned (-5 -> -16), strong-willed, flying,
regenerating, very quick
A: horns 2, retaliatory headbutt
}: 1/15 runes: serpentine
a: Renounce Religion, Berserk, Trog's Hand, Brothers in Arms


You were on level 1 of the Vaults.
You worshipped Trog.
Trog was extremely pleased with you.
You visited 6 branches of the dungeon, and saw 31 of its levels.
You also visited: Gauntlet.

You collected 3772 gold pieces.
You spent 483 gold pieces at shops.

Inventory:

Hand Weapons
 a - the +11 hand axe "Zanes" {freeze, rCorr Int+3}
   (You found it on level 2 of the Dungeon)

   Int+3:     It affects your intelligence (+3).
   rCorr:     It protects you from acid and corrosion.
 b - a +8 broad axe
 c - the +10 executioner's axe of False Accusations (weapon) {antimagic, Drain rF++}
   (Trog gifted it to you on level 2 of the Orcish Mines)

   rF++:      It greatly protects you from fire.
   Drain:     It drains your maximum health when unequipped.
 k - a +4 battleaxe of flaming
 y - the +4 war axe of Dismemberment {flame, Drain rPois Str+2}
   (Trog gifted it to you on level 9 of the Dungeon)

   Str+2:     It affects your strength (+2).
   rPois:     It protects you from poison Drain: It drains your maximum health
   when unequipped.
 U - the +8 trident of Disharmony {vamp, Dex+3 SInv}
   (You found it on level 13 of the Dungeon)

   Dex+3:     It affects your dexterity (+3).
   SInv:      It lets you see invisible.
Missiles
 n - 237 stones
 w - 6 throwing nets
Armour
 q - a +2 hat of stealth (worn)
 r - a +0 cloak (worn)
 v - a +1 pair of boots of flying (worn)
 z - a +0 pair of gloves (worn)
 K - the +3 buckler of Brilliance {rElec rN+ Will+ Regen+}
   (You acquired it on level 3 of the Lair of Beasts)

   rElec:     It insulates you from electricity.
   rN+:       It protects you from negative energy.
   Will+:     It increases your willpower.
   Regen+:    It increases your rate of health regeneration.
 X - a +2 crystal plate armour (worn)
 Y - a +2 kite shield of protection
Jewellery
 x - a +4 ring of slaying (right hand)
 D - a ring of fire
 I - an amulet of reflection (around neck)
 L - an amulet of regeneration
 P - a +4 ring of protection
 R - a ring of protection from fire
 S - a +6 ring of strength
 V - a ring of resist corrosion
 W - the ring "Huptaf" (left hand) {rPois EV+5}
   (You found it in a Gauntlet)

   [ring of evasion]

   EV+5:      It affects your evasion (+5).
   rPois:     It protects you from poison
 Z - an amulet of guardian spirit
Talismans
 t - a blade talisman
 u - a dragon-blood talisman
Wands
 i - a wand of iceblast (48)
 o - a wand of digging (20)
 F - a wand of paralysis (38)
 M - a wand of light (4)
 O - a wand of flame (26)
Scrolls
 e - 13 scrolls of teleportation
 f - 7 scrolls of fear
 g - 3 scrolls of revelation
 j - 6 scrolls of enchant armour
 l - 3 scrolls of enchant weapon
 p - a scroll of blinking
 J - 10 scrolls of identify
 T - 2 scrolls of fog
Potions
 d - 18 potions of curing
 h - 6 potions of cancellation
 m - 3 potions of heal wounds
 s - 6 potions of mutation
 A - 5 potions of lignification
 B - 3 potions of might
 C - 6 potions of attraction
 E - a potion of invisibility
 G - 3 potions of ambrosia
 H - 2 potions of resistance
 N - 2 potions of enlightenment
 Q - 4 potions of haste


   Skills:
 - Level 21.6 Fighting
 - Level 25.4 Axes
 - Level 15.3 Armour
 - Level 14.0 Dodging
 - Level 8.9 Shields
 + Level 7.2 Evocations


You had 17 spell levels left.
You didn't know any spells.
Your spell library was empty.

Dungeon Overview and Level Annotations

Branches:
Dungeon (15/15)            Temple (0/1) D:6            Lair (5/5) D:8
  Swamp (4/4) Lair:2        Snake (4/4) Lair:3        Slime (0/5) Lair:4
    Orc (2/2) D:11            Elf (0/3) Orc:2        Vaults (1/5) D:13
 Depths (0/4) D:15        Gauntlet (visited)

Altars:
Cheibriados
Dithmenos
Elyvilon
Nemelex Xobeh
Ru
Trog
Vehumet
Wu Jian
Xom
The Shining One

Shops:
D:1 *   D:4 (   D:5 *   D:6 [   D:9 =   Orc:2 *=(*   Snake:1 ==

Portals:
Trove: D:12 (give -1 pearl dragon scales)

Annotations:
D:4 3 runed translucent doors, DEFE's ghost, amateur DESh
Lair:2 3 runed translucent doors, Shym's ghost, journeyman NaWr
Lair:4 1 runed translucent door, Mappomat's ghost, journeyman FeSh
Lair:5 3 runed translucent doors, exclusion: obsidian statue, baljet's ghost, journeyman TrFi
Swamp:4 1 runed translucent door, Buptaech's ghost, adept DjFE
Vaults:1 Zenata


Innate Abilities, Weirdness & Mutations

You have a pair of horns on your head.
You reflexively headbutt those who attack you in melee.


Message History

You slice the white ugly thing!!
You feel sick.
The +2 trident of venom hits you but does no damage.
You are more poisoned.
The +2 halberd of venom hits you but does no damage.
You slice the white ugly thing!!
Your headbutt misses the white ugly thing.
The white ugly thing is severely wounded.
You miss the +0 heavy scimitar.
You feel sick.
The +0 heavy scimitar closely misses you.
The +2 trident of venom hits you but does no damage.
You are more poisoned.
You slice the +0 heavy scimitar!!
You destroy the +0 heavy scimitar!
The +0 heavy scimitar disappears in a puff of smoke!
You slash the white ugly thing!
You feel sick.
The +2 halberd of venom hits you but does no damage.
The +2 trident of venom hits you but does no damage.
You are lethally poisoned!
The white ugly thing barely misses you.
A vault sentinel comes into view. It is wielding a +0 falchion.
The vault sentinel shouts!
You slice the white ugly thing!!
You kill the white ugly thing!
Trog accepts your kill.
* * * LOW HITPOINT WARNING * * *
You feel very sick.
You block the +2 halberd of venom's attack.
The +2 trident of venom hits you but does no damage.
The +2 halberd of venom misses you.
You block the +2 trident of venom's attack.
You feel your intelligence returning.
You barely miss the green ugly thing.
Your headbutt misses the green ugly thing.
* * * LOW HITPOINT WARNING * * *
You feel sick.
The wizard casts a spell.
The wizard blinks!
Zenata casts a spell at you.
A blast of power from the earth strikes you!
You die...

#....# #....# #.†p.#
#....# #...u# #..a(#
########.§((#
.......+...†########
.......#...u@......#
.......#...†#p####)#
.......#....#.#.'†)#
....}..'....#.#.#..#
.......#)...#.####'#
.......#....#......#
########....########
#####....#
#...'....#


You could see Zenata, 2 ugly things, a vault sentinel, a wizard and 3 dancing
weapons.

Vanquished Creatures
  Saint Roka (Orc:2)
  Bai Suzhen (Swamp:4)
  Nikola (Swamp:2)
  Jorgrun (Swamp:2)
  Rupert (Lair:3)
  2 tentacled monstrosities (Swamp:4)
  A sphinx (Vaults:1)
  Aizul (Swamp:2)
  Donald (Swamp:4)
  Agnes (D:15)
  6 fenstrider witches
  4 nagarajas
  3 vault wardens (Vaults:1)
  Louise (Snake:4)
  An ironbound preserver (Vaults:1)
  4 dire elephants (Lair:5)
  Nessos (D:13)
  A minotaur (Gauntlet)
  6 bunyips
  3 eleionomae
  A shambling mangrove (Swamp:1)
  An ettin (D:15)
  2 slime creatures (D:15)
  Josephine (D:12)
  Fannar (Lair:2)
  A vault guard (D:13)
  An entropy weaver (shapeshifter) (D:15)
  Harold (Lair:2)
  2 salamander tyrants
  An ice dragon (D:14)
  A spriggan air mage (Swamp:4)
  14 hydras
  An ogre mage (Swamp:4)
  Erica (D:11)
  A catoblepas (D:13)
  18 anacondas
  4 boulder beetles
  6 two-headed ogres
  8 centaur warriors
  8 alligators
  2 tengu warriors
  16 naga warriors
  A death yak (Lair:5)
  5 orc high priests
  6 shock serpents
  14 naga sharpshooters
  8 spriggans
  2 spectral dire elephants (Lair:5)
  A spectral death yak (Lair:5)
  3 soul eaters (Swamp:4)
  7 sea snakes
  A fire crab (shapeshifter) (D:15)
  6 salamander mystics
  4 goliath frogs
  2 skysharks
  A spectral anaconda (Lair:5)
  2 bog bodies (Swamp:2)
  7 spriggan druids
  5 deep trolls
  6 lindwurms
  Jeremiah (D:8)
  An ironbound convoker (Vaults:1)
  4 necromancers
  9 naga ritualists
  4 swamp dragons
  5 orc knights (Orc:2)
  5 wizards
  A harpy (Vaults:1)
  A deep elf zephyrmancer (Swamp:4)
  2 deep elf pyromancers
  3 ugly things
  5 cyclopes
  19 mana vipers
  12 salamanders
  3 manticores
  5 orc sorcerers
  A shining eye (Gauntlet)
  7 will-o-the-wisps
  46 black mambas
  25 elephants
  2 vault sentinels (Vaults:1)
  A molten gargoyle (D:13)
  An apocalypse crab (Gauntlet)
  2 guardian serpents (Snake:3)
  Maurice (D:8)
  A gargoyle (D:12)
  2 torpor snails
  A dire elephant skeleton (Lair:5)
  14 naga magi
  Maggie (D:8)
  11 cane toads
  A guardian mummy (D:12)
  15 komodo dragons
  A freezing wraith (D:13)
  3 rime drakes
  A tengu conjurer (D:14)
  11 trolls
  5 yaktaurs
  3 polar bears (Lair:5)
  A hellwing (Swamp:4)
  11 tyrant leeches
  7 hornets
  Grinder (D:4)
  A raiju (shapeshifter) (D:13)
  16 blink frogs
  2 spectral elephants (Lair:5)
  6 dream sheep
  2 wyverns
  2 shadows (D:13)
  A human (shapeshifter) (D:13)
  46 yaks
  A golden eye (Gauntlet)
  6 wraiths
  A dire elephant simulacrum (Lair:5)
  2 steam dragons
  A death yak simulacrum (Lair:5)
  2 basilisks
  3 chaos spawn
  13 vampire mosquitoes
  A neqoxec (Swamp:4)
  3 spectral cane toads (Lair:5)
  16 swamp worms
  34 nagas
  4 wargs
  2 acid dragons
  18 water moccasins
  A floating eye (Gauntlet)
  3 swamp drakes
  A sky beast (D:7)
  3 ice beasts
  3 black bears
  46 orc warriors
  16 ogres
  9 wolves
  2 hornet zombies (D:6)
  10 centaurs
  4 phantoms
  3 kobold brigands
  A gnoll sergeant (D:9)
  A wyvern zombie (D:6)
  2 scorpions
  14 bullfrogs
  4 cane toad simulacra (Lair:5)
  20 wights
  An elephant simulacrum (Lair:5)
  23 killer bees
  8 howler monkeys
  9 electric eels
  3 jellies
  3 lava snakes (D:13)
  A bullfrog zombie (D:6)
  3 centaur zombies (D:6)
  2 hounds
  25 orc priests
  A gnoll bouda (D:2)
  3 iguanas
  25 orc wizards
  3 hell rats (Lair:3)
  A howler monkey zombie (D:6)
  15 adders
  8 gnolls
  A howler monkey skeleton (D:6)
  8 river rats (Lair:3)
  A shadow imp (D:7)
  4 white imps
  A worm (D:2)
  A dart slug (D:1)
  107 orcs
  5 ball pythons
  9 endoplasms
  A giant cockroach (D:2)
  8 goblins
  9 hobgoblins
  3 jackals
  8 quokkas
  3 bats
  4 frilled lizards
  23 kobolds
  13 rats
1139 creatures vanquished.

Vanquished Creatures (collateral kills)
  A sea snake (Snake:3)
  A salamander (Snake:3)
  2 guardian serpents (Snake:3)
  A naga (Snake:3)
5 creatures vanquished.

Vanquished Creatures (others)
  28 foxfires
28 creatures vanquished.

Grand Total: 1172 creatures vanquished

Notes
Turn   | Place    | Note
-------+----------+-------------------------------------------
     0 | D:1      | toffzen the Minotaur Berserker began the quest for the Orb.
     0 | D:1      | Reached XP level 1. HP: 19/19 MP: 0/0
   100 | D:1      | Reached XP level 2. HP: 23/27 MP: 1/1
   194 | D:1      | Reached skill level 4 in Axes
   378 | D:1      | Found Dyikk's Assorted Antiques.
   886 | D:2      | Reached XP level 3. HP: 21/33 MP: 2/2
  1018 | D:2      | Identified the +11 hand axe "Zanes" {freeze, rCorr Int+3}
  1258 | D:2      | Reached XP level 4. HP: 25/40 MP: 3/3
  1351 | D:2      | Reached ** piety under Trog
  2206 | D:2      | Reached skill level 5 in Axes
  2279 | D:3      | Reached XP level 5. HP: 46/47 MP: 4/4
  2764 | D:3      | You fall into a shaft and drop 1 floor!
  2771 | D:4      | Found an ornate altar of the Wu Jian Council.
  2966 | D:4      | Found a runed translucent gate.
  2967 | D:4      | Found a runed translucent gate.
  3485 | D:4      | Noticed DEFE's ghost (amateur DESh)
  3511 | D:4      | Found a runed translucent gate.
  3547 | D:4      | Found a sacrificial altar of Ru.
  3549 | D:4      | Found a radiant altar of Vehumet.
  3550 | D:4      | Found a snail-covered altar of Cheibriados.
  3550 | D:4      | Found a shadowy altar of Dithmenos.
  3586 | D:4      | Noticed an ogre
  3592 | D:4      | Killed an ogre
  3593 | D:4      | Reached skill level 5 in Fighting
  3593 | D:4      | Reached skill level 6 in Axes
  3593 | D:4      | Reached XP level 6. HP: 56/56 MP: 5/5
  3819 | D:4      | Reached XP level 7. HP: 57/61 MP: 6/6
  3879 | D:4      | Reached *** piety under Trog
  4012 | D:4      | Found Haeshron's Weapon Emporium.
  4063 | D:4      | Noticed Grinder
  4079 | D:4      | Killed Grinder
  4080 | D:4      | Reached skill level 7 in Axes
  4080 | D:4      | Reached skill level 5 in Armour
  4417 | D:5      | Entered Level 5 of the Dungeon
  4632 | D:5      | Reached skill level 5 in Dodging
  4647 | D:5      | Reached skill level 8 in Axes
  4647 | D:5      | Reached XP level 8. HP: 70/70 MP: 7/7
  4670 | D:5      | Found Koythry's Lightly-Used Armoury.
  4990 | D:6      | Reached **** piety under Trog
  4994 | D:6      | Reached skill level 9 in Axes
  5084 | D:6      | Found a staircase to the Ecumenical Temple.
  5176 | D:6      | Found a bloodstained altar of Trog.
  5392 | D:6      | Found a sparkling altar of Nemelex Xobeh.
  5478 | D:6      | Found Olelu's Armour Emporium.
  5486 | D:6      | Reached XP level 9. HP: 73/79 MP: 8/8
  5973 | D:7      | Reached skill level 10 in Axes
  6370 | D:7      | Reached ***** piety under Trog
  6372 | D:7      | Reached skill level 11 in Axes
  6749 | D:8      | Found a staircase to the Lair.
  6883 | D:8      | Reached XP level 10. HP: 51/90 MP: 9/9
  7368 | D:8      | Noticed Jeremiah
  7385 | D:8      | Killed Jeremiah
  7495 | D:8      | Reached skill level 12 in Axes
  7569 | D:8      | Paralysed by a hornet for 1 turns
  8016 | D:9      | Noticed Maurice
  8030 | D:9      | Noticed Maggie
  8231 | D:8      | Killed Maurice
  8231 | D:8      | Killed Maggie
  8452 | D:9      | Identified the +4 war axe of Dismemberment {flame, Drain
                  | rPois Str+2} (Trog gifted it to you on level 9 of the
                  | Dungeon)
  8452 | D:9      | Received a gift from Trog
  8489 | D:9      | Identified the +6 dagger of the Realm of Zot {venom, rN+
                  | Str+3 Stlth+}
  8497 | D:9      | Found Qadip's Jewellery Shop.
  8596 | D:9      | Reached skill level 13 in Axes
  8615 | D:9      | Reached XP level 11. HP: 73/99 MP: 10/10
  8830 | D:9      | Reached skill level 10 in Fighting
  9160 | D:10     | Entered Level 10 of the Dungeon
  9395 | D:10     | Reached skill level 10 in Armour
  9476 | D:10     | Noticed a two-headed ogre
  9487 | D:10     | Killed a two-headed ogre
  9488 | D:10     | Reached skill level 14 in Axes
  9859 | D:10     | Found a white marble altar of Elyvilon.
 10022 | Lair:1   | Entered Level 1 of the Lair of Beasts
 10353 | Lair:1   | Reached skill level 15 in Axes
 10442 | Lair:1   | Reached skill level 10 in Dodging
 10442 | Lair:1   | Reached XP level 12. HP: 106/110 MP: 11/11
 10460 | Lair:1   | Received a gift from Trog
 11135 | Lair:2   | Noticed a boulder beetle
 11201 | Lair:2   | Killed a boulder beetle
 11349 | Lair:2   | Found a runed translucent gate.
 11349 | Lair:2   | Found a runed translucent gate.
 11350 | Lair:2   | Found a runed translucent gate.
 11350 | Lair:2   | Noticed Shym's ghost (journeyman NaWr)
 11381 | Lair:2   | Noticed Fannar
 11386 | Lair:2   | Noticed Harold
 11652 | Lair:3   | Reached skill level 16 in Axes
 11757 | Lair:2   | Found a staircase to the Swamp.
 11813 | Lair:2   | Killed Fannar
 12244 | Lair:2   | Killed Harold
 12528 | Lair:3   | Identified a scroll of acquirement
 12528 | Lair:3   | Acquired the +3 buckler of Brilliance {rElec rN+ Will+
                  | Regen+}
 12577 | Lair:3   | Noticed Rupert
 12590 | Lair:3   | Killed Rupert
 12591 | Lair:3   | Reached XP level 13. HP: 119/119 MP: 12/12
 12616 | Lair:3   | Reached skill level 17 in Axes
 13010 | Lair:3   | Found a staircase to the Snake Pit.
 13357 | Lair:4   | Found a staircase to the Slime Pits.
 13370 | Lair:4   | Received a gift from Trog
 13796 | Lair:4   | Found a runed translucent door.
 13796 | Lair:4   | Found a shimmering altar of Xom.
 13796 | Lair:4   | Identified the +9 quarterstaff "Enna" {chaos, rElec Int+3}
 13796 | Lair:4   | Noticed Mappomat's ghost (journeyman FeSh)
 13903 | Lair:4   | Reached skill level 18 in Axes
 14228 | Lair:5   | Entered Level 5 of the Lair of Beasts
 14353 | Lair:5   | Noticed a dire elephant
 14353 | Lair:5   | Noticed a dire elephant
 14354 | Lair:5   | Noticed a dire elephant
 14366 | Lair:5   | Killed a dire elephant
 14467 | Lair:5   | Noticed a minotaur
 14467 | Lair:5   | Noticed baljet's ghost (journeyman TrFi)
 14629 | Lair:5   | Reached XP level 14. HP: 130/130 MP: 13/13
 14921 | Lair:5   | Found a runed translucent gate.
 14921 | Lair:5   | Found a runed translucent gate.
 14921 | Lair:5   | Found a runed translucent gate.
 15209 | Lair:5   | Reached skill level 19 in Axes
 15322 | Lair:5   | Received a gift from Trog
 15879 | D:11     | Identified the +1 ring mail of Hoickacw {Regen+ Dex+3
                  | Stlth+}
 15969 | D:11     | Found a staircase to the Orcish Mines.
 15997 | D:11     | Found the +7 mace of Variability {chaos, chaos arc}
 16003 | D:11     | Found a shimmering altar of Xom.
 16043 | D:11     | Noticed Erica
 16071 | D:11     | Killed Erica
 16726 | D:12     | Found a glowing golden altar of the Shining One.
 16732 | D:12     | Noticed Josephine
 16743 | D:12     | Killed Josephine
 17100 | D:12     | Found a portal to a secret trove of treasure.
 17631 | D:13     | Reached skill level 20 in Axes
 17732 | D:13     | Noticed Nessos
 17740 | D:13     | Killed Nessos
 17813 | D:13     | Found a gate to the Vaults.
 17886 | D:13     | Identified the +8 trident of Disharmony {vamp, Dex+3 SInv}
 17939 | D:13     | Identified the +7 short sword "Ecloeda" {heavy, Fragile
                  | +Blink Dex+2}
 18453 | D:14     | Found a frozen archway.
 18463 | D:14     | Reached XP level 15. HP: 61/139 MP: 14/14
 18860 | D:14     | Reached skill level 15 in Fighting
 19117 | D:15     | Entered Level 15 of the Dungeon
 19195 | D:15     | Received a gift from Trog
 19277 | D:15     | Found a staircase to the Depths.
 19307 | D:15     | Reached skill level 15 in Armour
 19480 | D:15     | Found a gate leading to a gauntlet.
 19486 | Gauntlet | Entered a Gauntlet
 19486 | Gauntlet | Found a transporter.
 19486 | Gauntlet | Found a transporter.
 19490 | Gauntlet | Found a transporter.
 19653 | Gauntlet | Found a transporter.
 19653 | Gauntlet | Found a transporter.
 19665 | Gauntlet | Found a transporter.
 19667 | Gauntlet | Found a transporter.
 19669 | Gauntlet | Found a transporter.
 19669 | Gauntlet | Found a transporter.
 19674 | Gauntlet | Identified the ring "Kuegool Itoth" {MP+9 Int+4 Dex-3}
 19708 | Gauntlet | Found a transporter.
 19713 | Gauntlet | Identified the ring "Huptaf" {rPois EV+5}
 19750 | Gauntlet | Identified the +2 trident of the Gnashing Genius {freeze,
                  | Int+4}
 19817 | D:15     | Noticed Agnes
 19827 | D:15     | Killed Agnes
 19944 | D:15     | Identified the +6 rapier "Mutaox" {spect, Str+4 Dex-4}
 20211 | Orc:1    | Entered Level 1 of the Orcish Mines
 20338 | Orc:2    | Entered Level 2 of the Orcish Mines
 20400 | Orc:2    | Reached skill level 1 in Shields
 20773 | Orc:2    | Reached ****** piety under Trog
 20882 | Orc:2    | Received a gift from Trog
 20896 | Orc:2    | Reached skill level 5 in Shields
 21162 | Orc:2    | Found Viywoq's Jewellery Shoppe.
 21182 | Orc:2    | Found Cakhloru's Assorted Antiques.
 21198 | Orc:2    | Bought a scroll of fear for 88 gold pieces
 21198 | Orc:2    | Bought a scroll of fear for 88 gold pieces
 21198 | Orc:2    | Bought a scroll of teleportation for 66 gold pieces
 21198 | Orc:2    | Bought a scroll of teleportation for 66 gold pieces
 21724 | Orc:2    | Noticed Saint Roka
 21753 | Orc:2    | Identified the +10 executioner's axe of False Accusations
                  | {antimagic, Drain rF++} (Trog gifted it to you on level 2
                  | of the Orcish Mines)
 21753 | Orc:2    | Received a gift from Trog
 21776 | Orc:2    | Killed Saint Roka
 22112 | Orc:2    | Reached skill level 21 in Axes
 22142 | Orc:2    | Found Uganenoe's Weapon Emporium.
 22188 | Orc:2    | Found Wutsit's General Store.
 22203 | Orc:2    | Bought a potion of heal wounds for 70 gold pieces
 22203 | Orc:2    | Bought a scroll of revelation for 105 gold pieces
 22230 | Orc:2    | Reached XP level 16. HP: 114/150 MP: 5/15
 22364 | Orc:2    | Found a staircase to the Elven Halls.
 22551 | Snake:1  | Entered Level 1 of the Snake Pit
 22575 | Snake:1  | Found Estroi's Jewellery Emporium.
 22577 | Snake:1  | Found Ilaef's Book Shop.
 22578 | Snake:1  | Found Arigga's Jewellery Emporium.
 23048 | Snake:1  | Received a gift from Trog
 23453 | Snake:2  | Identified the +5 leather armour of Kikubaaqudgha's Whim
                  | {rElec Will+}
 23542 | Snake:2  | Found a white marble altar of Elyvilon.
 24086 | Snake:2  | Reached skill level 22 in Axes
 24428 | Snake:2  | Identified the +2 robe of the Past {Str+4}
 24495 | Snake:2  | Found the +3 salamander hide armour {Flames, rFlCloud rF++
                  | rC--}
 24939 | Snake:3  | Received a gift from Trog
 24948 | Snake:3  | Acquired 751 gold pieces
 25899 | Snake:4  | Entered Level 4 of the Snake Pit
 26003 | Snake:4  | Reached XP level 17. HP: 166/166 MP: 5/16
 26088 | Snake:4  | Reached skill level 23 in Axes
 26331 | Snake:4  | Noticed Louise
 26344 | Snake:4  | Received a gift from Trog
 26360 | Snake:4  | Killed Louise
 27191 | Snake:4  | Received a gift from Trog
 27517 | Snake:4  | Got a serpentine rune of Zot
 28280 | Snake:3  | Reached skill level 24 in Axes
 28716 | Swamp:1  | Entered Level 1 of the Swamp
 29470 | Swamp:1  | Identified the +6 falchion of Gisif {venom, rC+ rN+++ Int-2
                  | SInv}
 29570 | Swamp:2  | Received a gift from Trog
 29706 | Swamp:2  | Reached XP level 18. HP: 180/180 MP: 5/17
 29983 | Swamp:2  | Noticed Aizul
 29995 | Swamp:2  | Killed Aizul
 30159 | Swamp:2  | Noticed Nikola
 30504 | Swamp:2  | Killed Nikola
 30765 | Swamp:3  | Noticed Jorgrun
 31019 | Swamp:3  | Reached skill level 25 in Axes
 31023 | Swamp:2  | Killed Jorgrun
 31485 | Swamp:3  | Identified the +5 spear "Tet Dosch" {heavy, Will- Dex+6
                  | SInv}
 31641 | Swamp:4  | Entered Level 4 of the Swamp
 31701 | Swamp:4  | Received a gift from Trog
 31702 | Swamp:4  | Noticed a tentacled monstrosity
 31875 | Swamp:4  | Noticed Donald
 31967 | Swamp:4  | Noticed Bai Suzhen
 31972 | Swamp:4  | Killed Donald
 31982 | Swamp:4  | Killed Bai Suzhen
 32010 | Swamp:4  | Reached skill level 1 in Evocations
 32057 | Swamp:4  | Killed a tentacled monstrosity
 32243 | Swamp:4  | Lost intelligence.
 32420 | Swamp:4  | Found a runed translucent door.
 32420 | Swamp:4  | Noticed Buptaech's ghost (adept DjFE)
 32456 | Swamp:4  | Noticed a tentacled monstrosity
 32464 | Swamp:4  | Killed a tentacled monstrosity
 32586 | Swamp:4  | Paralysed by a fenstrider witch for 5 turns
 32595 | Swamp:4  | Reached skill level 5 in Evocations
 33015 | Vaults:1 | Entered Level 1 of the Vaults
 33286 | Vaults:1 | Received a gift from Trog
 33374 | Vaults:1 | Noticed Zenata
 33396 | Vaults:1 | HP: 12/274 [poisoned by a +2 trident of venom]
 33399 | Vaults:1 | Killed from afar by Zenata

Illustrated notes

Levels and vault maps discovered:
D:1:      giann_forest_graveyard, layout_loops_ring, serial_shops, shop,
          minivault_19
D:2:      wad_river_or_something, layout_basic
D:3:      layout_basic, hangedman_decor_points
D:4:      minmay_chambers_of_threes, layout_basic, grunt_temple_overflow_open,
          gammafunk_ghost_icy, serial_shops, shop_fountains, uniq_grinder
D:5:      layout_rooms, minmay_shop_damaged, minmay_fractal_squares_gapless_5
D:6:      layout_gridville, mainiacjoe_overflow_tiny_flanked,
          general_overflow_altar, minmay_temple_entry_statues_fountains,
          serial_undead, serial_undead_c, serial_undead_d, serial_undead_c,
          serial_undead_b, kennysheep_small_square
D:7:      layout_cave_pools
D:8:      layout_gridville, erik_lair_orcish_takeover, enter_bailey_8,
          minmay_misc_feat_x, nicolae_zen_rock_garden, grunt_ogre_cave,
          uniq_jeremiah
D:9:      layout_basic, serial_shops, shop, nicolae_figureground_pulse,
          uniq_maggie, uniq_maurice
D:10:     nicolae_cairo_tiling_large, layout_rooms,
          mainiacjoe_overflow_six_doors_small
D:11:     layout_gridville, david_orc_2, minmay_guarded_unrand_variability,
          uniq_erica
D:12:     layout_irregular_city, nicolae_trove_entry_path_of_doom, serial_glass,
          glass_columns_a, glass_columns_c, minmay_misc_feat_enclosed,
          tso_oasis_becter, uniq_josephine
D:13:     layout_basic, david_vaults_5, minmay_diced_spiral, uniq_nessos
D:14:     layout_roguey, portal_ice_cave_entry_dragon, roderic_malta_cross
D:15:     hangedman_depths_entry_civil_slaughter, layout_basic,
          minmay_misc_feat_tiny, gauntlet_entry_generic, uniq_agnes
Lair:1:   layout_long_grid, serial_bayou_shore_b
Lair:2:   layout_hall_layers, minmay_swamp_entry_eels,
          ebering_ghost_rock_garden, serial_bayou_pond_b,
          grunt_forest_stairs_basic, uniq_harold, uniq_fannar
Lair:3:   layout_chaotic_city, nicolae_snake_entry_squirm,
          kennysheep_abandoned_house, serial_bayou_shore_b, lemuel_fruit_fields,
          serial_bayou_shore_a, uniq_rupert
Lair:4:   layout_hall_layers, slime_entry_1, ebering_ghost_xom,
          nicolae_quartered_pool_medium, small_statue_intersection
Lair:5:   due_jungle_book, layout_gridlike, maelrawn_ghost_gauntlet_escape
Swamp:1:  layout_falls_marsh, hangedman_swamp_ruin_wall
Swamp:2:  layout_basic_swamp, serial_swamp_ruin, evilmike_swamp_ruin_rubble_2,
          evilmike_swamp_ruin_house_5, uniq_aizul, uniq_nikola
Swamp:3:  layout_basic_swamp, evilmike_swamp_ruin_house_4, uniq_jorgrun
Swamp:4:  nzn_swamp_witches_coven, layout_basic_swamp, gammafunk_ghost_grave,
          uniq_bai_suzhen, uniq_donald
Snake:1:  kennysheep_six_static_rooms, layout_misc_corridors,
          nicolae_snake_biting_tails, minmay_snake_pond, minmay_shop_grove
Snake:2:  layout_honeycomb, basic_altar, hellmonk_guarded_unrand_salamander
Snake:3:  nicolae_snake_attic_fulla_snakes, layout_onion, serial_bayou_shore_b
Snake:4:  snake_pit, layout_gridlike, nicolae_snake_mages_go_home, uniq_louise
Orc:1:    layout_caves
Orc:2:    pubby_orc_utopia
Vaults:1: hangedman_vaults_corner, nicolae_vaults_cochlea,
          nicolae_vaults_big_ls, nicolae_vaults_house_2,
          nicolae_vaults_mini_display_case, ontoclasm_vaults_fire_temple,
          v_misc_13, v_misc_25, hangedman_vaults_river_flow,
          hangedman_vaults_corner_blocks, nicolae_vaults_trapezoid_2, v_misc_22,
          v_misc_10, vaults_room_grunt_arrival_ludios, layout_vaults_big_cross,
          serial_shops, shop_coins, uniq_zenata, uniq_norris

Skill      XL: |  1  2  3  4  5  6  7  8  9 10 11 12 13 14 15 16 17 18 |
---------------+-------------------------------------------------------+-----
Axes           | 4 5 6 8 9 11 13 15 16 18 20 21 22 24 25 | 25.4
Fighting       | 4 5 6 7 8 9 11 12 13 14 15 18 20 21 | 21.6
Armour         | 3 4 5 6 8 9 10 12 13 14 15 | 15.3
Dodging        | 3 4 5 6 7 8 10 11 12 13 14 | 14.0
Shields        | 8 |  8.9
Evocations     | 7 |  7.2

Action                     |  1- 3 |  4- 6 |  7- 9 | 10-12 | 13-15 | 16-18 || total
---------------------------+-------+-------+-------+-------+-------+-------++-------
  Melee: Hand axe          |    62 |   148 |   194 |   404 |   747 |       ||  1555
         Headbutt          |    11 |    23 |    36 |    75 |   278 |   210 ||   633
         Punch             |     1 |     4 |     1 |     4 |       |       ||    10
         Broad axe         |       |       |       |       |   237 |    13 ||   250
         Executioner's axe |       |       |       |       |    42 |   847 ||   889
 Invoke: Berserk           |       |     3 |     3 |     6 |     5 |     4 ||    21
         Trog's Hand       |       |     1 |       |     3 |     8 |     9 ||    21
         Brothers in Arms  |       |       |       |       |       |     2 ||     2
  Evoke: Wand              |       |       |       |     7 |     4 |     1 ||    12
    Use: Scroll            |       |     3 |    18 |     9 |     5 |     2 ||    37
         Potion            |       |       |       |       |     1 |       ||     1
   Stab: Sleeping          |       |     1 |       |       |       |       ||     1
         Paralysed         |       |       |       |     3 |       |       ||     3
 Armour: Animal skin       |     5 |     2 |       |       |       |       ||     7
         Chain mail        |       |    15 |       |       |       |       ||    15
         Plate armour      |       |    43 |    99 |   164 |   280 |       ||   586
         Crystal plate arm |       |       |       |       |    75 |   468 ||   543
  Dodge: Dodged            |    39 |    47 |    80 |   146 |   290 |   555 ||  1157
  Block: Other             |       |       |       |     3 |     5 |   184 ||   192
         Buckler           |       |       |       |     1 |   389 |     2 ||   392
         Reflection        |       |       |       |       |    39 |    10 ||    49

Table legend: (Time is in decaauts)
 A = Elapsed time spent in this place.
 B = Non-inter-level travel time spent in this place.
 C = Inter-level travel time spent in this place.
 D = Time resting spent in this place.
 E = Time spent auto-exploring this place.
 F = Levels seen in this place.
 G = Mean time per level.
                   A        B        C        D        E       F      G
               +--------+--------+--------+--------+--------+-----+--------+
         Total |  33363 |  31583 |   1780 |   7244 |  18069 |  32 | 1042.6 |
       Dungeon |  14511 |  13538 |    973 |   1979 |   9307 |  15 |  967.4 |
          Lair |   5791 |   5500 |    291 |   1000 |   3438 |   5 | 1158.2 |
         Swamp |   4330 |   4171 |    159 |   1873 |   1485 |   4 | 1082.5 |
     Snake Pit |   6034 |   5749 |    285 |   1909 |   2635 |   4 | 1508.5 |
  Orcish Mines |   2146 |   2077 |     69 |    275 |   1086 |   2 | 1073.0 |
        Vaults |    274 |    273 |      1 |     64 |    117 |   1 |  274.0 |
      Gauntlet |    273 |    273 |      0 |    142 |      0 |   1 |  273.0 |
               +--------+--------+--------+--------+--------+-----+--------+

Top non-repeatable levels by time:
 Snake:3: 2018 daAuts
   Orc:2: 1779 daAuts
 Snake:4: 1623 daAuts
     D:8: 1613 daAuts
 Snake:2: 1541 daAuts
     D:2: 1522 daAuts
  Lair:5: 1465 daAuts
  Lair:3: 1377 daAuts
 Swamp:2: 1282 daAuts
  Lair:1: 1268 daAuts
 Swamp:3: 1251 daAuts
    D:13: 1188 daAuts
     D:9: 1151 daAuts
     D:3: 1102 daAuts
     D:4: 1061 daAuts
